 Dungeon Crawl Stone Soup version 0.29.1-4-g47bece8355 (webtiles) character file.

Game seed: 9947618439493222223

48 DildoBatman the Conjurer (level 4, 0/32 HPs)
             Began as a Formicid Conjurer on Dec 2, 2022.
             Slain by a gnoll
             ... wielding a +0 club
              (2 damage)
             ... on level 2 of the Dungeon.
             The game lasted 00:02:31 (1230 turns).

DildoBatman the Conjurer (Formicid Conjurer)        Turns: 1230, Time: 00:02:31

Health: 0/32       AC:  2    Str: 12    XL:     4   Next: 0%
Magic:  6/8        EV: 12    Int: 19    God:
Gold:   78         SH:  0    Dex: 18    Spells: 5/8 levels left

rFire   . . .      SeeInvis +   f - +0 sling
rCold   . . .      Faith    .   (no shield)
rNeg    . . .      Spirit   .   a - +0 robe
rPois   +          Reflect  .   (helmet unavailable)
rElec   .          Harm     .   (no cloak)
rCorr   .          Rampage  .   (no gloves)
Will    .....                   (no boots)
Stlth   ++........              (no amulet)
HPRegen 0.10/turn               e - ring of poison resistance
MPRegen 0.11/turn               g - +6 ring of dexterity

@: no status effects
A: permanent stasis, dig shafts and tunnels, antennae 3, four strong arms
a: Dig, Shaft Self


You were on level 2 of the Dungeon.
You visited 1 branch of the dungeon, and saw 2 of its levels.

You collected 78 gold pieces.

Inventory:

Hand Weapons
 c - a +0 club
 f - a +0 sling (weapon)
Missiles
 j - 14 stones
Armour
 a - a +0 robe (worn)
Jewellery
 e - a ring of poison resistance (left hand)
 g - a +6 ring of dexterity (right hand)
Scrolls
 d - a scroll of torment {unknown}
 i - a scroll of teleportation {unknown}
 k - a scroll of enchant weapon {unknown}
Potions
 b - a potion of magic
 h - 2 potions of flight {unknown}


   Skills:
 * Level 1.4 Fighting
 * Level 1.4 Armour
 - Level 2.0 Dodging
 - Level 2.4 Stealth
 * Level 2.7 Spellcasting
 * Level 3.9 Conjurations


You had 5 spell levels left.
You knew the following spells:

 Your Spells              Type           Power      Damage    Failure   Level
a - Searing Ray           Conj           34%        2d5       4%          2
c - Magic Dart            Conj           68%        1d6       3%          1

Your spell library contained the following spells:

 Spells                   Type           Power      Damage    Failure   Level
 Dazzling Flash           Conj/Hex       20%        N/A       22%         3
 Fulminant Prism          Conj/Hex       5%         3d7       56%         4
 Iskenderun's Mystic Bla  Conj/Tloc      10%        2d4       56%         4


Dungeon Overview and Level Annotations

Branches:
Dungeon (2/15)

Altars:
Ru

Annotations:
D:2 exclusion: sensed monster (detected), Terence


Innate Abilities, Weirdness & Mutations

You cannot be hasted, slowed, berserked, paralysed or teleported.
You can dig through walls and to a lower floor.
You have a pair of large antennae on your head. (SInv)
Your four strong arms can wield two-handed weapons with a shield.


Message History

The gnoll closely misses you. The jackal barely misses you.
What are your orders? t - Shout!
Orders for allies: a - Attack new target. p - Attack previous target. r - Retreat! s - Stop attacking. g - Guard the area. f - Follow me.
Anything else - Cancel.
You shout for attention!
The jackal barely misses you. The gnoll hits you with a +0 club.
What are your orders? t - Shout!
Orders for allies: a - Attack new target. p - Attack previous target. r - Retreat! s - Stop attacking. g - Guard the area. f - Follow me.
Anything else - Cancel.
You shout for attention!
The jackal barely misses you. The gnoll misses you.
The jackal barely misses you. What are your orders? t - Shout!
Orders for allies: a - Attack new target. p - Attack previous target. r - Retreat! s - Stop attacking. g - Guard the area. f - Follow me.
Anything else - Cancel.
You shout for attention!
The jackal closely misses you. The gnoll misses you.
What are your orders? t - Shout!
Orders for allies: a - Attack new target. p - Attack previous target. r - Retreat! s - Stop attacking. g - Guard the area. f - Follow me.
Anything else - Cancel.
You shout for attention!
The jackal barely misses you. The gnoll hits you with a +0 club.
You die...

...#....##### ........#
...)...## ##############
...#.### ####............#
####.## #.......#.#..#### #>..#
#†##.#..#.#).# #...#
#....#......P#+#+# #...#
##.##.#.#.....'...#
###...#######...@h.†.....P#...#
..........##.#.#.g###.....# h.#
..........................# ##
..........##.#.#..#.#.......#
###...#######.#...#........[#
#...# ###.#####......... #...#
#.. ..######## #...# ###. ###
##.## ..


You could see a gnoll and a jackal.

Vanquished Creatures
  An adder (D:2)
  2 dart slugs (D:1)
  5 bats
  6 endoplasms
  A giant cockroach (D:1)
  4 goblins
  2 hobgoblins
  A jackal (D:2)
  3 kobolds (D:2)
  A quokka (D:2)
  A ball python (D:1)
  A frilled lizard (D:1)
  2 rats
30 creatures vanquished.

Notes
Turn   | Place    | Note
-------+----------+-------------------------------------------
     0 | D:1      | DildoBatman the Formicid Conjurer began the quest for the
                  | Orb.
     0 | D:1      | Reached XP level 1. HP: 13/13 MP: 3/3
    70 | D:1      | Reached XP level 2. HP: 8/20 MP: 3/5
    73 | D:1      | Learned a level 2 spell: Searing Ray
   132 | D:1      | Found a faded altar of an unknown god.
   514 | D:1      | Reached skill level 1 in Fighting
   514 | D:1      | Reached skill level 1 in Armour
   515 | D:1      | Reached XP level 3. HP: 26/26 MP: 4/6
   983 | D:2      | Noticed Terence
  1028 | D:2      | Found a sacrificial altar of Ru.
  1216 | D:2      | Reached XP level 4. HP: 32/32 MP: 5/8
  1230 | D:2      | Slain by a gnoll

Illustrated notes

Levels and vault maps discovered:
D:1:      giann_forest_graveyard, layout_basic,
          hellmonk_ecumenical_altar_inner_sanctum
D:2:      layout_loops_cross, basic_altar, cheibrodos_gnoll_hut, uniq_jessica,
          uniq_terence

Skill      XL: |  1  2 |
---------------+-------+-----
Dodging        | 2 |  2.0
Fighting       | 1 |  1.4
Armour         | 1 |  1.4
Stealth        | |  2.4
Spellcasting   | |  2.7
Conjurations   | |  3.9

Action                   |  1- 3 |  4- 6 || total
-------------------------+-------+-------++-------
Melee: Unarmed           |     6 |       ||     6
       Club              |     1 |       ||     1
 Fire: Sling             |    43 |       ||    43
 Cast: Magic Dart        |    29 |       ||    29
       Searing Ray       |     3 |       ||     3
Armor: Robe              |     2 |     1 ||     3
Dodge: Dodged            |    16 |    19 ||    35
